 Dungeon Crawl Stone Soup version 0.19.4-8-ga85b6b9 (webtiles) character file.

2398 DarkTechnomancer the Fighter (level 9, -8/84 HPs)
             Began as a Centaur Hunter on Feb 10, 2017.
             Was an Initiate of Trog.
             Killed from afar by a crimson imp (20 damage)
             ... with a wand of lightning
             ... on level 6 of the Dungeon.
             The game lasted 00:22:13 (8577 turns).

DarkTechnomancer the Fighter (Centaur Hunter)       Turns: 8577, Time: 00:22:14

Health: -8/84      AC:  9    Str: 18    XL:     9   Next: 23%
Magic:  9/9        EV:  9    Int: 10    God:    Trog [......]
Gold:   293        SH:  0    Dex: 10    Spells: 0 memorised, 8 levels left

rFire  . . .     SeeInvis .     b - +0 short sword
rCold  . . .     Gourm    .     c - +0 leather armour
rNeg   . . .     Faith    .     (no shield)
rPois  .         Spirit   .     (no helmet)
rElec  .         Reflect  .     g - +1 cloak
rCorr  .         Harm     .     q - +2 pair of gloves
MR     .....                    (no barding)
Stlth  +.........               (no amulet)
                                (no ring)
                                (no ring)

@: very quick
A: hooves 3, deformed body, speed 2, tough skin 3
a: Burn Spellbooks, Renounce Religion


You were on level 6 of the Dungeon.
You worshipped Trog.
Trog was noncommittal.
You were very hungry.

You visited 1 branch of the dungeon, and saw 6 of its levels.

You collected 293 gold pieces.

Inventory:

Hand Weapons
 a - a +1 hunting sling
 b - a +0 short sword (weapon)
 d - a +0 spear
 s - a +0 shortbow
Missiles
 h - 101 stones (quivered)
 n - 3 throwing nets
 o - 39 arrows
Armour
 c - a +0 leather armour (worn)
 g - a +1 cloak (worn)
 q - a +2 pair of gloves (worn)
Wands
 t - a wand of random effects (43/48)
Scrolls
 e - 3 scrolls of remove curse
 i - a scroll of blinking
 j - a scroll of enchant armour
 x - 2 scrolls of recharging
 y - a scroll of identify
 G - a scroll of teleportation
Potions
 k - a potion of cure mutation {unknown}
 l - 2 potions of magic {unknown}
 m - 2 potions of flight
 p - 3 potions of brilliance {unknown}
 r - 2 potions of degeneration {unknown}
 u - a potion of lignification {unknown}
 w - a potion of mutation {unknown}
 z - 2 potions of haste {unknown}
 A - a potion of cancellation {unknown}
 C - a potion of agility {unknown}
Comestibles
 f - 7 bread rations
 D - 4 meat rations


   Skills:
 - Level 9.6 Fighting
 - Level 4.5 Polearms
 - Level 4.4 Slings
 + Level 7.9 Bows
 - Level 1.5 Dodging
 - Level 0.5 Stealth


You had 8 spell levels left.
You didn't know any spells.

Dungeon Overview and Level Annotations

Branches:
Dungeon (6/15)             Temple (0/1) D:6

Altars:
Elyvilon
Ru
Trog

Shops:
D:5 ?


Innate Abilities, Weirdness & Mutations

You have hooves in place of feet.
Armour fits poorly on your strangely shaped body.
You cover ground very quickly.
You have extremely tough skin. (AC +3)


Message History

You hit the centaur zombie. You kick the centaur zombie.
The centaur zombie is heavily damaged.
You are feeling very hungry.
The centaur zombie hits you.
The centaur zombie hits you but does no damage.
You puncture the centaur zombie! You kick the centaur zombie.
The centaur zombie is almost destroyed.
The centaur zombie hits you!
You barely miss the centaur zombie. You kick the centaur zombie.
The centaur zombie is almost destroyed.
The centaur zombie hits you.
The centaur zombie hits you but does no damage.
You hit the centaur zombie.
You destroy the centaur zombie!
Trog accepts your kill.
The crimson imp zaps a wand.
The bolt of lightning hits you!
The crimson imp zaps a wand.
The bolt of lightning hits you!
* * * LOW HITPOINT WARNING * * *
The crimson imp zaps a wand.
The bolt of lightning hits you!
You die...

.⌠.# '..>..+ #p⌠[⌠.
########....
#......###'#######
#................######.
#..###....5...##((.....(
#..# #....#...#......(..
#..###.@.(#............(
#.<.)..)..#...#.>.####..
#.......###.(.....#
#######....(....#.#
######..###§# ..
#((....# .. ##p##### ..
..# ..#


You could see a crimson imp.

Vanquished Creatures
  Pikel (D:5)
  The ghost of throdak the Chucker, a novice FoHu of Makhleb (D:5)
  The ghost of DarkTechnomancer the Skirmisher, an amateur CeHu (D:3)
  A phantom (D:5)
  A necrophage (D:5)
  3 ogres
  A centaur (D:6)
  2 scorpions
  2 howler monkeys
  A crimson imp (D:5)
  A centaur zombie (D:6)
  A hound (D:4)
  A gnoll shaman (D:4)
  Crazy Yiuf (D:2)
  4 orc priests
  5 orc wizards
  Natasha (thrice) (D:2)
  A worker ant (D:5)
  12 gnolls
  3 adders
  3 dart slugs
  3 leopard geckos
  14 orcs
  10 bats
  2 giant cockroaches
  3 goblins
  7 hobgoblins
  16 jackals
  4 quokkas
  3 ball pythons
  3 frilled lizards (D:1)
  4 kobolds
  3 leopard gecko skeletons
  6 rats
127 creatures vanquished.

Notes
Turn   | Place    | Note
-------+----------+-------------------------------------------
     0 | D:1      | DarkTechnomancer the Centaur Hunter began the quest for the Orb.
     0 | D:1      | Reached XP level 1. HP: 17/17 MP: 1/1
   201 | D:1      | Reached XP level 2. HP: 25/25 MP: 2/2
   428 | D:1      | Reached skill level 3 in Fighting
   725 | D:1      | Reached XP level 3. HP: 31/31 MP: 3/3
  1030 | D:2      | Noticed Natasha
  1036 | D:2      | Killed Natasha
  1172 | D:2      | Reached skill level 4 in Fighting
  1398 | D:2      | Reached XP level 4. HP: 40/40 MP: 4/4
  1437 | D:2      | Noticed Natasha
  1461 | D:2      | Killed Natasha
  1575 | D:2      | Noticed Natasha
  1585 | D:2      | Killed Natasha
  1718 | D:2      | Found a runed door.
  1834 | D:2      | Noticed Crazy Yiuf
  1868 | D:2      | Killed Crazy Yiuf
  1868 | D:2      | Reached skill level 5 in Fighting
  1868 | D:2      | Reached XP level 5. HP: 48/48 MP: 5/5
  1987 | D:2      | Found a faded altar of an unknown god.
  2782 | D:3      | Noticed DarkTechnomancer's ghost (amateur CeHu)
  3273 | D:3      | Found a white marble altar of Elyvilon.
  3308 | D:3      | Killed DarkTechnomancer's ghost
  3308 | D:3      | Reached skill level 6 in Fighting
  3308 | D:3      | Reached XP level 6. HP: 15/58 MP: 6/6
  3498 | D:3      | Reached skill level 7 in Fighting
  3951 | D:3      | Reached XP level 7. HP: 66/66 MP: 7/7
  4687 | D:4      | Reached skill level 8 in Fighting
  5350 | D:4      | Reached skill level 9 in Fighting
  5680 | D:5      | Entered Level 5 of the Dungeon
  5694 | D:5      | Reached skill level 1 in Polearms
  5709 | D:5      | Reached XP level 8. HP: 57/78 MP: 8/8
  5917 | D:5      | Noticed throdak's ghost (novice FoHu)
  6314 | D:5      | Found a sacrificial altar of Ru.
  7035 | D:5      | Killed throdak's ghost
  7460 | D:5      | Found a bloodstained altar of Trog.
  7501 | D:5      | Found Dom Ruerch's Magic Scroll Shoppe.
  7596 | D:5      | Became a worshipper of Trog the Wrathful
  7649 | D:5      | Reached skill level 1 in Bows
  8272 | D:6      | Noticed Pikel
  8282 | D:6      | Reached skill level 5 in Bows
  8442 | D:5      | Killed Pikel
  8442 | D:5      | Reached XP level 9. HP: 63/84 MP: 9/9
  8568 | D:6      | Found a staircase to the Ecumenical Temple.
  8577 | D:6      | Killed from afar by a crimson imp

Skill      XL: |  1  2  3  4  5  6  7  8 |
---------------+-------------------------+-----
Fighting       | 3 4 5 6 7 9 |  9.6
Polearms       | 1 4 |  4.5
Bows           | 7 |  7.9
Slings         | |  4.4
Dodging        | |  1.5
Stealth        | |  0.5

Action                   |  1- 3 |  4- 6 |  7- 9 || total
-------------------------+-------+-------+-------++-------
Melee: Short sword       |     6 |    13 |    62 ||    81
       Kick              |     1 |     3 |    17 ||    21
 Fire: Hunting sling     |    70 |   166 |   417 ||   653
Evoke: Wand              |       |     3 |       ||     3
  Use: Scroll            |       |       |    11 ||    11
  Eat: Chunk             |       |     7 |     7 ||    14
       Pizza             |       |       |     1 ||     1
       Beef jerky        |       |       |     1 ||     1
Armor: Leather armour    |    12 |    35 |    69 ||   116
Dodge: Dodged            |    12 |    28 |    47 ||    87
